 Dungeon Crawl Stone Soup version 0.26-a0-631-ged93497179 (webtiles) character file.

Game seed: 7738399494544933832

21 Drevant2 the Chucker (level 2, 0/32 HPs)
             Began as an Ogre Hunter on Sept 13, 2020.
             Succumbed to an adder's poison
             ... on level 2 of the Dungeon.
             The game lasted 00:01:24 (842 turns).

Drevant2 the Chucker (Ogre Hunter)                   Turns: 842, Time: 00:01:24

Health: 0/32       AC:  3    Str: 12 (15) XL:     2   Next: 87%
Magic:  2/2        EV: 10    Int: 10 (12) God:
Gold:   44         SH:  0    Dex:  8 (9)  Spells: 1/1 levels left

rFire    . . .     SeeInvis .   a - +0 short sword
rCold    . . .     Faith    .   (no shield)
rNeg     . . .     Spirit   .   b - +0 robe
rPois    .         Reflect  .   (helmet restricted)
rElec    .         Harm     .   (no cloak)
rCorr    .         Rampage  .   (gloves unavailable)
MR       .....                  (boots unavailable)
Stlth    +.........             (no amulet)
HPRegen  0.10/turn              (no ring)
MPRegen  0.08/turn              (no ring)

@: mighty, lethally poisoned (0 -> -7)
A: large, unfitting armour, tough skin 1
a: no special abilities


You were on level 2 of the Dungeon.
You visited 1 branch of the dungeon, and saw 2 of its levels.

You collected 44 gold pieces.

Inventory:

Hand Weapons
 a - a +0 short sword (weapon)
Missiles
 c - 11 large rocks (quivered)
 d - 2 throwing nets
Armour
 b - a +0 robe (worn)
Scrolls
 f - 2 scrolls of identify {unknown}
 h - a scroll of random uselessness {unknown}
 j - a scroll of fog {unknown}
 k - a scroll of remove curse {unknown}


   Skills:
 * Level 3.9 Fighting
 + Level 4.2 Throwing
 - Level 1.7 Dodging
 - Level 0.6 Stealth


You had one spell level left.
You didn't know any spells.
Your spell library was empty.

Dungeon Overview and Level Annotations

Branches:
Dungeon (2/15)

Altars:


Innate Abilities, Weirdness & Mutations

You are too large for most types of armour.
You have tough skin. (AC +1)


Message History

You miss the adder.
The adder is heavily wounded.
* * * LOW HITPOINT WARNING * * *
You feel sick. The adder barely misses you. The adder bites you.
* * * LOW HITPOINT WARNING * * *
You barely miss the adder.
The adder is heavily wounded.
* * * LOW HITPOINT WARNING * * *
You feel sick. The adder barely misses you.
You miss the adder.
The adder is heavily wounded.
The adder bites you but does no damage. The adder bites you.
* * * LOW HITPOINT WARNING * * *
You closely miss the adder.
The adder is heavily wounded.
* * * LOW HITPOINT WARNING * * *
You feel sick. The adder bites you but does no damage.
You barely miss the adder.
The adder is heavily wounded.
You die...

### ..# #.#
#.#
#.##.######
#.....S@..#
#.....#.####.#
#.......# #.#
.[......#
#.#####
.......##
#.....# .
++#####
#####.# # #.#
# #.# # #.#


You could see an adder.

Vanquished Creatures
  A dart slug (D:1)
  3 bats
  A giant cockroach (D:1)
  A hobgoblin (D:1)
  A ball python (D:2)
  3 frilled lizards (D:1)
  3 goblins (D:1)
  6 kobolds
  4 rats (D:1)
23 creatures vanquished.

Notes
Turn   | Place    | Note
-------+----------+-------------------------------------------
     0 | D:1      | Drevant2 the Ogre Hunter began the quest for the Orb.
     0 | D:1      | Reached XP level 1. HP: 22/22 MP: 1/1
   235 | D:1      | Reached XP level 2. HP: 31/31 MP: 2/2
   841 | D:2      | HP: 1/32 [poisoned by an adder]
   842 | D:2      | Succumbed to an adder's poison

Illustrated notes

Levels and vault maps discovered:
D:1:      dpeg_arrival_leaves_temple_mockup, layout_basic, minmay_domino_4
D:2:      layout_loops_corners, minmay_misc_feat_cross,
          kennysheep_generic_room_5, uniq_natasha, uniq_terence

Skill      XL: |  1 |
---------------+----+-----
Fighting       | 3 |  3.9
Throwing       | |  4.2
Dodging        | |  1.7
Stealth        | |  0.6

Action                   || total
-------------------------++-------
Melee: Short sword       ||    76
  Use: Potion            ||     3
 Stab: Sleeping          ||     2
Armor: Robe              ||    25
Dodge: Dodged            ||    46

Table legend: (Time is in decaauts)
 A = Elapsed time spent in this place.
 B = Non-inter-level travel time spent in this place.
 C = Inter-level travel time spent in this place.
 D = Time resting spent in this place.
 E = Time spent auto-exploring this place.
 F = Levels seen in this place.
 G = Mean time per level.
                   A        B        C        D        E       F      G
               +--------+--------+--------+--------+--------+-----+--------+
         Total |    849 |    845 |      4 |    153 |    513 |   2 |  424.5 |
       Dungeon |    849 |    845 |      4 |    153 |    513 |   2 |  424.5 |
               +--------+--------+--------+--------+--------+-----+--------+

Top non-repeatable levels by time:
     D:1: 704 daAuts
     D:2: 144 daAuts
